 Dungeon Crawl Stone Soup version 0.20-a0-256-gabb291d (webtiles) character file.

3555 Faca the Cleaver (level 10, -7/76 HPs)
             Began as a Formicid Fighter on Dec 2, 2016.
             Was an Initiate of Trog.
             Killed by the air
             ... invoked by Gastronok
              (17 damage)
             ... on level 8 of the Dungeon.
             The game lasted 00:24:17 (6098 turns).

Faca the Cleaver (Formicid Fighter)                 Turns: 6098, Time: 00:24:17

Health: -7/76      AC: 20    Str: 22    XL:     10   Next: 30%
Magic:  10/10      EV: 11    Int:  7    God:    Trog [......]
Gold:   494        SH: 16    Dex: 13    Spells: 9/9 levels left

rFire  . . .     SeeInvis +     a - +0 war axe
rCold  . . .     Gourm    .     x - +0 plate armour (curse)
rNeg   + . .     Faith    .     c - +0 shield
rPois  +         Spirit   .     (helmet unavailable)
rElec  +         Reflect  +     l - +2 cloak {rPois}
rCorr  .         Harm     .     i - +1 pair of gloves
MR     +....                    e - +1 pair of boots
Stlth  ..........               A - amulet "Viopadocra" {Reflect *Slow rElec rN+ SH+4 Stlth+}
                                r - ring of loudness (curse)
                                v - +3 ring of evasion

@: no status effects
A: permanent stasis, dig shafts and tunnels, four strong arms, antennae 3
a: Dig, Shaft Self, Burn Spellbooks, Renounce Religion


You were on level 8 of the Dungeon.
You worshipped Trog.
Trog was noncommittal.
You were not hungry.

You visited 2 branches of the dungeon, and saw 9 of its levels.

You collected 494 gold pieces.

Inventory:

Hand Weapons
 a - a +0 war axe (weapon)
 t - a +2 flail
Armour
 c - a +0 shield (worn)
 e - a +1 pair of boots (worn)
 i - a +1 pair of gloves (worn)
 l - a +2 cloak of poison resistance (worn)
 p - a +3 ring mail of fire resistance
 x - a cursed +0 plate armour (worn)
Jewellery
 b - an uncursed ring of stealth
 r - a cursed ring of loudness (right hand)
 v - a +3 ring of evasion (left hand)
 A - the amulet "Viopadocra" (around neck) {Reflect *Slow rElec rN+ SH+4 Stlth+}
   (You found it on level 6 of the Dungeon)

   [amulet of reflection]

   It shields you and reflects attacks.
   It insulates you from electricity.
   It protects you from negative energy.
   It may slow you when you take damage.
   It affects your SH (+4).
   It makes you more stealthy.
Scrolls
 w - a scroll of fog
 y - a scroll of enchant armour
 F - a scroll of recharging
Potions
 d - 2 potions of might
 h - 4 potions of curing
 j - 2 potions of agility
 k - 5 potions of brilliance
 m - a potion of invisibility
 s - a potion of resistance
 z - a potion of lignification {unknown}
 C - 2 potions of flight
 D - a potion of ambrosia {unknown}
Comestibles
 f - 4 bread rations
 g - 7 meat rations
 o - a royal jelly
 B - 7 slices of pizza


   Skills:
 + Level 5.9 Fighting
 + Level 9.8 Axes
 + Level 6.1 Armour
 + Level 3.1 Dodging
 + Level 9.4 Shields


You had 9 spell levels left.
You didn't know any spells.

Dungeon Overview and Level Annotations

Branches:
Dungeon (8/15)             Temple (1/1) D:7            Lair (0/6) D:8

Altars:
Dithmenos
Fedhas
Hepliaklqana
Kikubaaqudgha
Okawaru
Qazlal
Trog
Xom
Yredelemnul
The Shining One

Annotations:
D:8 Gastronok


Innate Abilities, Weirdness & Mutations

You cannot be hasted, slowed, berserked, paralysed or teleported.
You can dig through walls and to a lower floor.
Your four strong arms can wield two-handed weapons with a shield.
You have a pair of large antennae on your head. (SInv)


Message History

You feel sluggish.
Your plate armour prevents you from hitting Gastronok.
Gastronok is severely wounded.
You slash Gastronok!
Gastronok is severely wounded.
Gastronok bites you!
* * * LOW HITPOINT WARNING * * *
You hit Gastronok but do no damage.
Gastronok is severely wounded.
You hit Gastronok.
Gastronok is severely wounded.
Gastronok bites you!
* * * LOW HITPOINT WARNING * * *
You slash Gastronok!
Gastronok is severely wounded.
You slice Gastronok!!
Gastronok is almost dead.
Gastronok waves his eye-stalks in wide circles.
The air twists around and strikes you!
You die...

#.#.....# #.#..##.#
#.#..##.#.# {
#.........#
####.######
######## #.#
#....... #.#
###..... #.#
##.#..####.#
#.######...@w......
#...[.....#..####.#
###########..#
#.... ######


You could see Gastronok.

Vanquished Creatures
  Joseph (D:8)
  Psyche (D:8)
  4 hogs (D:7)
  A human (D:7)
  Menkaure (D:7)
  An orc warrior (D:8)
  A black bear (D:8)
  2 phantoms
  A centaur (D:5)
  2 ogres
  2 bullfrogs
  Blork the orc (D:5)
  4 scorpions
  3 wights (D:7)
  A howler monkey (D:6)
  5 crimson imps
  A quasit (D:5)
  A jelly (D:5)
  Crazy Yiuf (D:2)
  3 bullfrog skeletons
  6 hounds
  2 orc wizards (D:8)
  2 iguanas
  Ijyb (D:3)
  3 worker ants
  A killer bee zombie (D:6)
  A hound skeleton (D:6)
  A worker ant zombie (D:7)
  6 gnolls
  5 adders
  A shadow imp (D:6)
  An adder zombie (D:5)
  6 worms
  5 dart slugs
  4 leopard geckos
  7 orcs
  7 bats
  7 giant cockroaches
  4 goblins
  10 hobgoblins
  A jackal (D:5)
  6 quokkas
  4 frilled lizards
  7 kobolds
  2 leopard gecko skeletons (D:4)
  11 rats
  2 fungi (D:8)
150 creatures vanquished.

Notes
Turn   | Place    | Note
-------+----------+-------------------------------------------
     0 | D:1      | Faca the Formicid Fighter began the quest for the Orb.
     0 | D:1      | Reached XP level 1. HP: 18/18 MP: 1/1
   163 | D:1      | Reached XP level 2. HP: 24/24 MP: 2/2
   504 | D:1      | Reached XP level 3. HP: 29/29 MP: 3/3
   856 | D:2      | Found a blossoming altar of Fedhas.
   857 | D:2      | Found an ancient bone altar of Kikubaaqudgha.
   907 | D:2      | Reached XP level 4. HP: 33/35 MP: 4/4
   954 | D:2      | Found a stormy altar of Qazlal.
  1061 | D:2      | Found a runed door.
  1187 | D:2      | Found a shimmering altar of Xom.
  1557 | D:2      | Noticed Crazy Yiuf
  1564 | D:2      | Killed Crazy Yiuf
  1564 | D:2      | Reached XP level 5. HP: 25/41 MP: 3/5
  2033 | D:3      | Found a glowing golden altar of the Shining One.
  2042 | D:3      | Found a basalt altar of Yredelemnul.
  2222 | D:3      | Noticed Ijyb
  2250 | D:3      | Killed Ijyb
  2456 | D:4      | Reached XP level 6. HP: 47/47 MP: 6/6
  2466 | D:4      | Reached skill level 5 in Shields
  2660 | D:4      | Reached skill level 1 in Dodging
  2820 | D:4      | Reached XP level 7. HP: 53/53 MP: 7/7
  3083 | D:5      | Entered Level 5 of the Dungeon
  3086 | D:5      | Reached skill level 5 in Axes
  3114 | D:5      | Found a hazy altar of Hepliaklqana.
  3309 | D:5      | Reached XP level 8. HP: 51/60 MP: 8/8
  3475 | D:5      | Noticed Blork the orc
  3486 | D:5      | Killed Blork the orc
  3899 | D:6      | Reached skill level 5 in Armour
  4190 | D:6      | Got a wavering ivory amulet
  4829 | D:7      | Identified the amulet "Viopadocra" {Reflect *Slow rElec rN+ SH+4 Stlth+} (You found it on level 6 of the Dungeon)
  4924 | D:7      | Noticed a human
  4924 | D:7      | Noticed a hog
  4925 | D:7      | Noticed a hog
  4926 | D:7      | Noticed a hog
  4926 | D:7      | Noticed a hog
  4943 | D:7      | Killed a hog
  4943 | D:7      | Reached XP level 9. HP: 55/66 MP: 9/9
  4973 | D:7      | Reached skill level 5 in Fighting
  5180 | D:7      | Found a shadowy altar of Dithmenos.
  5199 | D:7      | Noticed Menkaure
  5200 | D:7      | Noticed a moth of wrath
  5209 | D:7      | Killed Menkaure
  5215 | D:7      | Found a bloodstained altar of Trog.
  5237 | D:7      | Became a worshipper of Trog the Wrathful
  5512 | D:7      | Found a staircase to the Ecumenical Temple.
  5518 | Temple   | Entered the Ecumenical Temple
  5638 | D:8      | Noticed Psyche
  5652 | D:8      | Killed Psyche
  5662 | D:8      | Reached XP level 10. HP: 67/74 MP: 10/10
  5750 | D:8      | Found a blossoming altar of Fedhas.
  5858 | D:8      | Found a staircase to the Lair.
  6022 | D:8      | Noticed Joseph
  6040 | D:8      | Killed Joseph
  6067 | D:8      | Noticed Gastronok
  6098 | D:8      | Killed from afar by Gastronok

Vault maps used:
D:1:      scummos_arrival_checkerplants
D:2:      grunt_temple_overflow_growth_and_decay, lemuel_round_altar,
          nrook_mini_backslash, tgw_xom, uniq_crazy_yiuf_cottage
D:3:      grunt_temple_overflow_holy_war, uniq_iyjb
D:4:      cheibrodos_helix_gallery, first_bread
D:5:      kennysheep_mini, kennysheep_doodads, uniq_blork_the_orc
D:6:      abandoned_shop, nicolae_underground_beach
D:7:      tgw_trog, grunt_dithmenos_smoke_and_mirrors, grunt_livestock,
          uniq_menkaure
D:8:      grunt_lair_entry_orc_guard_hut, introduction_to_nature_2, uniq_joseph,
          uniq_gastronok, uniq_maurice, uniq_psyche
Temple:   dshaligram_water_room_temple

Skill      XL: |  1  2  3  4  5  6  7  8  9 10 |
---------------+-------------------------------+-----
Armour         | 4 5 6 |  6.1
Shields        | 4 5 7 8 9 |  9.4
Axes           | 3 4 5 7 8 9 |  9.8
Dodging        | 1 2 3 |  3.1
Fighting       | 4 5 |  5.9

Action                   |  1- 3 |  4- 6 |  7- 9 | 10-12 || total
-------------------------+-------+-------+-------+-------++-------
Melee: War axe           |    64 |   182 |   344 |    76 ||   666
  Use: Scroll            |     6 |     7 |     5 |     1 ||    19
       Potion            |       |       |       |     1 ||     1
 Stab: Invisible         |       |       |     7 |       ||     7
  Eat: Fruit             |       |     4 |     7 |       ||    11
       Pizza             |       |     1 |       |       ||     1
       Beef jerky        |       |     1 |     3 |     1 ||     5
Armor: Scale mail        |    27 |    49 |       |       ||    76
       Ring mail         |       |    30 |    91 |       ||   121
       Plate armour      |       |       |    76 |    16 ||    92
Dodge: Dodged            |    15 |    49 |   166 |    13 ||   243
Block: Shield            |    38 |    98 |   262 |    36 ||   434
       Reflection        |       |       |       |     3 ||     3
